 Dungeon Crawl Stone Soup version 0.28.0-53-g5a82cb258f (webtiles) character file.

Game seed: 602254248195509959

3550 DocClef the Magician (level 10, -1/65 HPs)
             Began as a Gnoll Fire Elementalist on July 18, 2022.
             Was a Follower of Hepliaklqana.
             Succumbed to a gnoll's poison
             ... on level 6 of the Dungeon.
             The game lasted 00:10:50 (10566 turns).

DocClef the Magician (Gnoll Fire Elementalist)     Turns: 10566, Time: 00:10:52

Health: -1/65      AC:  6    Str:  7    XL:     10   Next: 9%
Magic:  5/20       EV: 14    Int: 25    God:    Hepliaklqana [*.....]
Gold:   228        SH:  0    Dex: 13    Spells: 14/23 levels left

rFire   . . .      SeeInvis .   j - +1 mace (holy)
rCold   . . .      Faith    .   (no shield)
rNeg    . . .      Spirit   .   a - +0 robe
rPois   .          Reflect  .   (no helmet)
rElec   .          Harm     .   (no cloak)
rCorr   .          Rampage  .   (no gloves)
Will    .....                   (no boots)
Stlth   ++........              A - amulet of the acrobat
HPRegen 0.20/turn               h - +6 ring of intelligence
MPRegen 0.17/turn               o - +4 ring of protection

@: lethally poisoned (-1 -> -22), lit by a corona, marked, glowing
A: reduced essence, fangs 1, strong nose, distributed training
a: Renounce Religion, Recall Ancestor, Ancestor Identity


You were on level 6 of the Dungeon.
You worshipped Hepliaklqana.
Hepliaklqana was aware of your devotion.
You visited 2 branches of the dungeon, and saw 8 of its levels.
You also visited: Ossuary.

You collected 228 gold pieces.

Inventory:

Hand Weapons
 i - a +0 whip
 j - a +1 mace of holy wrath (weapon)
Armour
 a - a +0 robe (worn)
Jewellery
 h - a +6 ring of intelligence (left hand)
 o - a +4 ring of protection (right hand)
 w - a ring of protection from cold
 A - an amulet of the acrobat (around neck)
 B - a +4 ring of evasion
Wands
 p - a wand of iceblast (7)
 v - a wand of polymorph (11)
 E - a wand of charming (13)
Scrolls
 d - 4 scrolls of identify {unknown}
 e - a scroll of immolation {unknown}
 g - a scroll of enchant armour {unknown}
 l - 2 scrolls of noise {unknown}
 q - a scroll of fear {unknown}
 r - 2 scrolls of blinking {unknown}
 s - a scroll of magic mapping {unknown}
 x - a scroll of amnesia {unknown}
 y - 3 scrolls of teleportation {unknown}
Potions
 b - 2 potions of resistance {unknown}
 c - 5 potions of curing {unknown}
 f - 2 potions of flight {unknown}
 k - 3 potions of mutation {unknown}
 m - 3 potions of attraction {unknown}
 n - a potion of ambrosia {unknown}
 t - 3 potions of magic {unknown}
 u - a potion of heal wounds {unknown}
 z - 2 potions of lignification {unknown}
 C - 2 potions of brilliance {unknown}
 D - a potion of degeneration {unknown}


   Skills:
 + Level 4.9 Fighting
 + Level 4.9 Short Blades
 + Level 4.9 Long Blades
 + Level 4.9 Axes
 + Level 4.9 Maces & Flails
 + Level 4.9 Polearms
 + Level 4.9 Staves
 + Level 4.9 Slings
 + Level 4.9 Bows
 + Level 4.9 Crossbows
 + Level 4.9 Throwing
 + Level 4.9 Armour
 + Level 6.8 Dodging
 + Level 6.5 Stealth
 + Level 4.9 Shields
 + Level 4.9 Unarmed Combat
 + Level 7.1 Spellcasting
 + Level 4.6 Conjurations
 + Level 4.1 Hexes
 + Level 4.1 Summonings
 + Level 4.1 Necromancy
 + Level 4.1 Translocations
 + Level 4.1 Transmutations
 + Level 6.9 Fire Magic
 + Level 4.1 Ice Magic
 + Level 4.1 Air Magic
 + Level 4.1 Earth Magic
 + Level 4.1 Poison Magic
 + Level 5.4 Invocations
 + Level 4.9 Evocations


You had 14 spell levels left.
You knew the following spells:

 Your Spells              Type           Power      Damage    Failure   Level
a - Foxfire               Conj/Fire      100%       2x1d9     1%          1
b - Scorch                Fire           86%        2d9       1%          2
c - Inner Flame           Hex/Fire       36%        N/A       1%          3
d - Conjure Flame         Conj/Fire      37%        6-21      1%          3

Your spell library contained the following spells:

 Spells                   Type           Power      Damage    Failure   Level
 Freeze                   Ice            100%       1d11      1%          1
 Frozen Ramparts          Ice            58%        1d7       3%          3
 Flame Wave               Conj/Fire      37%        2d9       6%          4
 Hailstorm                Conj/Ice       30%        3d8       11%         4


Dungeon Overview and Level Annotations

Branches:
Dungeon (7/15)             Temple (1/1) D:6         Ossuary (visited)

Altars:
Ashenzari
Cheibriados
Dithmenos
Elyvilon
Fedhas
Hepliaklqana
Makhleb
Nemelex Xobeh
Okawaru
Ru
Sif Muna
Trog
Uskayaw
Vehumet
Xom
Yredelemnul
Zin

Shops:
D:1 *   D:4 *   D:7 =

Annotations:
D:7 Harold


Innate Abilities, Weirdness & Mutations

Your life essence is reduced to manifest your ancestor. (-10% HP)
You have very sharp teeth.
Your uncanny sense of smell can sniff out nearby items.
Your experience applies equally to all skills.


Message History

The gnoll hits you from afar with a +1 spear of venom.
You are poisoned.
Found 9 gold pieces.
You feel sick.
Found 17 gold pieces.
You feel sick.
The gnoll hits you from afar with a +1 spear of venom.
You are more poisoned.
You feel very sick.
You feel sick. The gnoll misses you.
Found 15 gold pieces.
You feel sick.
You feel sick. The gnoll completely misses you.
You feel sick.
You feel sick.
The gnoll hits you from afar with a +1 spear of venom.
You are more poisoned.
You feel very sick.
You feel very sick. The gnoll completely misses you.
You feel very sick.
You feel sick.
The gnoll hits you from afar with a +1 spear of venom!
* * * LOW HITPOINT WARNING * * *
You feel sick.
Harold grumbles, "Just give up already, I want to go home!"
You feel sick. Harold gestures at you while chanting.
A sentinel's mark forms upon you. The gnoll barely misses you.
You feel sick.
You feel sick.
The gnoll hits you from afar with a +1 spear of venom.
* * * LOW HITPOINT WARNING * * *
You are lethally poisoned!
There is a stone staircase leading up, spattered with blood here.
* * * LOW HITPOINT WARNING * * *
You feel very sick.
The gnoll hits you from afar with a +1 spear of venom.
* * * LOW HITPOINT WARNING * * *
You are more poisoned.
You climb upwards.
You die...

#..####....
#..# #.###
### ##.##
#.... ##.#
##.#####.#
#..# #..##
#.. #..#
##..#####
##..##
###.## #
#....##
##.###
###@..######
##...
###......##
#...
##..###.##
##.# #.##
#..####...
#.#
##......#.
#.#
#.....###
### #....##
#....#
######


There were no monsters in sight!

Vanquished Creatures
  Pikel (D:6)
  A deep elf pyromancer (D:6)
  Prince Ribbit (D:7)
  2 hornets
  Sigmund (D:2)
  Eustachio (D:4)
  A steam dragon (D:6)
  2 black bears
  An orc warrior (D:7)
  An ice beast (D:5)
  2 ogres
  4 lemures (D:6)
  A phantom (D:5)
  A centaur (D:7)
  A kobold brigand (D:6)
  A wyvern zombie (D:7)
  A scorpion (D:7)
  3 centaur zombies
  A bullfrog zombie (D:7)
  2 hounds (D:6)
  4 jellies
  An orc priest (D:7)
  A bullfrog skeleton (D:3)
  An iguana (D:7)
  Terence (D:1)
  A scorpion zombie (D:5)
  Ijyb (D:3)
  Natasha (thrice) (D:3)
  An orc wizard (D:3)
  A hound skeleton (D:5)
  5 mummies (Ossuary)
  4 adders
  5 gnolls
  2 white imps (D:5)
  An adder skeleton (D:4)
  2 dart slugs
  8 orcs
  11 ball pythons
  4 bats
  6 endoplasms
  3 giant cockroaches
  5 goblins
  5 hobgoblins
  3 jackals (D:1)
  7 quokkas
  2 frilled lizards (D:2)
  2 goblin zombies (D:4)
  3 hobgoblin zombies (Ossuary)
  7 kobolds
  5 rats
134 creatures vanquished.

Vanquished Creatures (collateral kills)
  A gnoll shaman (D:7)
  An orc (D:7)
2 creatures vanquished.

Vanquished Creatures (others)
  An ancestor (D:7)
  840 foxfires
841 creatures vanquished.

Grand Total: 977 creatures vanquished

Notes
Turn   | Place    | Note
-------+----------+-------------------------------------------
     0 | D:1      | DocClef the Gnoll Fire Elementalist began the quest for the
                  | Orb.
     0 | D:1      | Reached XP level 1. HP: 13/13 MP: 6/6
   390 | D:1      | Reached XP level 2. HP: 14/19 MP: 0/7
   878 | D:1      | Found Lege's Assorted Antiques.
  1277 | D:1      | Reached XP level 3. HP: 25/25 MP: 6/9
  1337 | D:1      | Reached skill level 5 in Spellcasting
  1885 | D:2      | Noticed Terence
  1913 | D:1      | Killed Terence
  1914 | D:1      | Reached skill level 1 in Fighting
  1914 | D:1      | Reached skill level 1 in Short Blades
  1914 | D:1      | Reached skill level 1 in Long Blades
  1914 | D:1      | Reached skill level 1 in Axes
  1914 | D:1      | Reached skill level 1 in Maces & Flails
  1914 | D:1      | Reached skill level 1 in Polearms
  1914 | D:1      | Reached skill level 1 in Staves
  1914 | D:1      | Reached skill level 1 in Slings
  1914 | D:1      | Reached skill level 1 in Bows
  1914 | D:1      | Reached skill level 1 in Crossbows
  1914 | D:1      | Reached skill level 1 in Throwing
  1914 | D:1      | Reached skill level 1 in Armour
  1914 | D:1      | Reached skill level 1 in Shields
  1914 | D:1      | Reached skill level 1 in Unarmed Combat
  1914 | D:1      | Reached skill level 1 in Invocations
  1914 | D:1      | Reached skill level 1 in Evocations
  1914 | D:1      | Reached XP level 4. HP: 32/32 MP: 4/11
  2666 | D:2      | Found a faded altar of an unknown god.
  2992 | D:2      | Reached skill level 1 in Hexes
  2992 | D:2      | Reached skill level 1 in Summonings
  2992 | D:2      | Reached skill level 1 in Necromancy
  2992 | D:2      | Reached skill level 1 in Translocations
  2992 | D:2      | Reached skill level 1 in Transmutations
  2992 | D:2      | Reached skill level 1 in Ice Magic
  2992 | D:2      | Reached skill level 1 in Air Magic
  2992 | D:2      | Reached skill level 1 in Earth Magic
  2992 | D:2      | Reached skill level 1 in Poison Magic
  2999 | D:2      | Reached XP level 5. HP: 20/37 MP: 3/12
  3294 | D:2      | Noticed Sigmund
  3766 | D:3      | Noticed Ijyb
  3794 | D:3      | Killed Ijyb
  3795 | D:3      | Reached XP level 6. HP: 20/44 MP: 6/13
  4086 | D:3      | Identified the +3 dagger "Uceaw" {freeze, *Slow rF+ Stlth+}
  4627 | D:3      | Noticed Natasha
  4632 | D:3      | Killed Natasha
  4954 | D:4      | Found a sand-covered staircase.
  4970 | Ossuary  | Entered an ossuary
  4985 | Ossuary  | Reached skill level 5 in Dodging
  5699 | D:4      | Reached XP level 7. HP: 50/50 MP: 9/15
  5771 | D:4      | Found Zeshed's Fire Supplies.
  5846 | D:4      | Noticed Eustachio
  5907 | D:4      | Killed Eustachio
  6000 | D:4      | Reached skill level 5 in Stealth
  6415 | D:4      | Found a hide-covered altar of Uskayaw.
  6589 | D:3      | Noticed Natasha
  6593 | D:3      | Killed Natasha
  6673 | D:3      | Learned a level 2 spell: Scorch
  6677 | D:3      | Learned a level 3 spell: Inner Flame
  6683 | D:2      | Killed Sigmund
  6684 | D:2      | Reached XP level 8. HP: 58/58 MP: 8/16
  6839 | D:3      | Noticed Natasha
  6842 | D:3      | Killed Natasha
  7128 | D:5      | Entered Level 5 of the Dungeon
  7426 | D:5      | Reached skill level 6 in Spellcasting
  8228 | D:6      | Noticed a hornet
  8234 | D:6      | Killed a hornet
  8245 | D:6      | Reached XP level 9. HP: 48/65 MP: 9/18
  8360 | D:6      | Found a staircase to the Ecumenical Temple.
  8377 | Temple   | Entered the Ecumenical Temple
  8456 | Temple   | Became a worshipper of Hepliaklqana the Forgotten
  8517 | D:6      | Noticed Pikel
  8530 | D:6      | Killed Pikel
  9559 | D:6      | Noticed a deep elf pyromancer
  9566 | D:6      | Killed a deep elf pyromancer
 10062 | D:6      | Learned a level 3 spell: Conjure Flame
 10063 | D:7      | Found Leodupn's Jewellery Emporium.
 10097 | D:7      | Reached * piety under Hepliaklqana
 10102 | D:7      | Reached skill level 5 in Invocations
 10518 | D:7      | Noticed Prince Ribbit
 10523 | D:7      | Killed Prince Ribbit
 10524 | D:7      | Reached skill level 7 in Spellcasting
 10524 | D:7      | Reached XP level 10. HP: 65/65 MP: 12/20
 10540 | D:7      | Noticed Harold
 10566 | D:6      | Succumbed to a gnoll's poison

Illustrated notes

Levels and vault maps discovered:
D:1:      nagdon_arrival_double_spiral, layout_loops_corners, serial_shops,
          shop, grunt_decor_arrowhead
D:2:      layout_basic, ebering_ecumenical_altar_hall, uniq_terence,
          uniq_sigmund
D:3:      layout_basic, dk_noncrumbling_4, chequers_serial_rivers_marsh,
          grunt_ministairs_3, uniq_ijyb, uniq_natasha
D:4:      layout_basic, nicolae_uskayaw_suspiria, enter_ossuary_4,
          nicolae_shop_fire_sale [nicolae_sub_dead_trees], uniq_eustachio
D:5:      layout_rooms, corner_web_ring, grunt_ministairs_11
D:6:      layout_layer_cave, minmay_temple_entry_tees,
          guppyfry_early_elven_hall, uniq_pikel
D:7:      layout_cave_pools, serial_shops, nicolae_stop_n_shop_2,
          gammafunk_ghost_cemetery, corexii_item_surrounded_by_moat,
          uniq_harold, uniq_prince_ribbit1
Temple:   compressed_dpeg_triangle_lava_temple

Skill      XL: |  1  2  3  4  5  6  7  8  9 |
---------------+----------------------------+-----
Conjurations   | 2 3 4 |  4.6
Spellcasting   | 5 6 7 |  7.1
Fighting       | 1 2 3 4 |  4.9
Short Blades   | 1 2 3 4 |  4.9
Long Blades    | 1 2 3 4 |  4.9
Axes           | 1 2 3 4 |  4.9
Maces & Flails | 1 2 3 4 |  4.9
Polearms       | 1 2 3 4 |  4.9
Staves         | 1 2 3 4 |  4.9
Slings         | 1 2 3 4 |  4.9
Bows           | 1 2 3 4 |  4.9
Crossbows      | 1 2 3 4 |  4.9
Throwing       | 1 2 3 4 |  4.9
Armour         | 1 2 3 4 |  4.9
Shields        | 1 2 3 4 |  4.9
Unarmed Combat | 1 2 3 4 |  4.9
Invocations    | 1 2 3 4 5 |  5.4
Evocations     | 1 2 3 4 |  4.9
Hexes          | 1 2 3 4 |  4.1
Summonings     | 1 2 3 4 |  4.1
Necromancy     | 1 2 3 4 |  4.1
Translocations | 1 2 3 4 |  4.1
Transmutations | 1 2 3 4 |  4.1
Ice Magic      | 1 2 3 4 |  4.1
Air Magic      | 1 2 3 4 |  4.1
Earth Magic    | 1 2 3 4 |  4.1
Poison Magic   | 1 2 3 4 |  4.1
Dodging        | 5 6 |  6.8
Stealth        | 5 6 |  6.5
Fire Magic     | 6 |  6.9

Action                   |  1- 3 |  4- 6 |  7- 9 | 10-12 || total
-------------------------+-------+-------+-------+-------++-------
Melee: Unarmed           |     5 |       |       |       ||     5
       Bite              |     2 |     6 |     2 |     1 ||    11
       Whip              |     6 |       |       |       ||     6
       Mace              |       |    31 |    24 |     1 ||    56
       Punch             |       |     1 |       |       ||     1
 Cast: Foxfire           |    79 |   190 |   209 |     9 ||   487
       Inner Flame       |       |       |    11 |     2 ||    13
 Stab: Sleeping          |     1 |     1 |       |       ||     2
Armor: Robe              |     2 |    15 |    19 |       ||    36
Dodge: Dodged            |    22 |    43 |    62 |     6 ||   133
